 Dungeon Crawl Stone Soup version 0.25-a0-1119-g28b6fd0 (webtiles) character file.

Game seed: 8113359573258894990, levelgen mode: deterministic

1304 robertstho the Chopper (level 8, -1/61 HPs)
             Began as a Demonspawn Fighter on May 18, 2020.
             Was a Believer of Okawaru.
             Killed by divine providence
             ... invoked by an orc priest
              (8 damage)
             ... on level 6 of the Dungeon.
             The game lasted 00:11:41 (5309 turns).

robertstho the Chopper (Demonspawn Fighter)         Turns: 5309, Time: 00:11:42

Health: -1/61      AC: 18    Str: 19    XL:     8   Next: 31%
Magic:  0/10       EV:  5    Int:  9    God:    Okawaru [**....]
Gold:   107        SH:  9    Dex: 13    Spells: 7/7 levels left

rFire    . . .     SeeInvis .   a - +1 war axe
rCold    . . .     Gourm    .   c - +0 kite shield
rNeg     . . .     Faith    .   k - +0 plate armour
rPois    +         Spirit   +   (helmet restricted)
rElec    .         Reflect  .   l - +0 cloak
rCorr    +         Harm     .   A - +0 pair of gloves
MR       .....                  (no boots)
Stlth    ..........             (no amulet)
HPRegen  0.20/turn              u - ring of resist corrosion
MPRegen  0.12/turn              m - ring of poison resistance

@: no status effects
A: antennae 1, iridescent scales 2, magic shield
a: Heroism, Renounce Religion


You were on level 6 of the Dungeon.
You worshipped Okawaru.
Okawaru was pleased with you.
You were very hungry.

You visited 2 branches of the dungeon, and saw 7 of its levels.

You collected 262 gold pieces.
You spent 155 gold pieces at shops.

Inventory:

Hand Weapons
 a - a +1 war axe (weapon)
 e - a +0 morningstar
 x - a +0 spear
Missiles
 B - 24 poisoned darts (quivered)
Armour
 c - a +0 kite shield (worn)
 k - a +0 plate armour (worn)
 l - a +0 cloak (worn)
 A - a +0 pair of gloves (worn)
Jewellery
 h - an uncursed ring of see invisible
 m - a ring of poison resistance (right hand)
 s - an uncursed ring of flight
 u - a ring of resist corrosion (left hand)
 y - an uncursed ring of ice
Scrolls
 b - 2 scrolls of magic mapping
 i - a scroll of blinking
 o - 3 scrolls of remove curse
 p - a scroll of identify
 r - 2 scrolls of teleportation
 v - 2 scrolls of enchant armour
Potions
 d - 2 potions of might
 g - 2 potions of cancellation
 n - a potion of lignification
 q - 3 potions of haste
 z - 3 potions of heal wounds
Comestibles
 f - 14 rations


   Skills:
 * Level 4.4 Fighting
 * Level 6.0 Axes
 * Level 4.7 Armour
 * Level 3.7 Dodging
 + Level 3.7 Shields
 * Level 2.8 Invocations


You had 7 spell levels left.
You didn't know any spells.
Your spell library was empty.

Dungeon Overview and Level Annotations

Branches:
Dungeon (6/15)             Temple (1/1) D:4

Altars:
Ashenzari
Cheibriados
Elyvilon
Gozag
Hepliaklqana
Kikubaaqudgha
Makhleb
Nemelex Xobeh
Okawaru
Qazlal
Ru
Trog
Uskayaw
Vehumet
Wu Jian
Xom
The Shining One

Shops:
D:4 ?


Innate Abilities, Weirdness & Mutations

You have a pair of small antennae on your head.
You are mostly covered in iridescent scales. (AC +4)
When hurt, damage is shared between your health and your magic reserves.


Message History

The orc warrior is almost dead.
You closely miss the orc.
The orc warrior hits you with a +0 flail!
You block the orc's attack.
You closely miss the orc warrior.
The orc warrior is almost dead.
Your shield and plate armour prevent you from hitting the orc.
You block the orc warrior's attack. The orc hits you but does no damage.
Your shield and plate armour prevent you from hitting the orc warrior.
The orc warrior is almost dead.
The orc priest shouts!
You hit the orc but do no damage.
The orc warrior hits you with a +0 flail!
* * * LOW HITPOINT WARNING * * *
You block the orc's attack.
The orc warrior hits you with a +0 flail.
* * * LOW HITPOINT WARNING * * *
The orc priest invokes the aid of Beogh against you.
Beogh smites you!
You die...

....## ##.#§≈§≈.##.#..#.#
#..
....)###..#§§_..##.#..#.
#..
.!....#.#.#.≈.≈.#......
#..
#.#.##.##.#.....##....#
#####..
#.#....##.########....###
.......
#.#..#.##..?.>..##......
.......
#.#..#.##......###o)o#
.......
#..............###o#
#####..
##.....#####...[@..# #..
#.#.#.## ######### #..
#.#....# #.. #.###..#
######.. #......#
#....[.. ######.#
#.###... #.### ###
#.###.#. #...#
##.###....... #####
##.#.##.##..#.


You could see an orc warrior and an orc priest.

Vanquished Creatures
  An orc warrior (D:6)
  2 sky beasts (D:5)
  2 ogres
  A bullfrog (D:6)
  2 scorpions (D:5)
  A bullfrog zombie (D:5)
  3 hounds
  2 orc priests (D:6)
  2 orc wizards (D:4)
  A quasit (D:5)
  A gnoll shaman (D:4)
  Ijyb (D:3)
  3 worker ants
  A howler monkey skeleton (D:4)
  9 gnolls
  4 adders
  3 shadow imps
  2 adder skeletons
  2 dart slugs
  7 leopard geckos
  25 orcs
  2 ball pythons (D:2)
  7 bats
  7 giant cockroaches
  7 goblins
  2 hobgoblins (D:1)
  5 jackals
  10 kobolds
  2 quokkas (D:2)
  4 frilled lizards
  A leopard gecko skeleton (D:4)
  2 quokka skeletons
  6 rats
  A bush (D:3)
  A plant (D:3)
132 creatures vanquished.

Notes
Turn   | Place    | Note
-------+----------+-------------------------------------------
     0 | D:1      | robertstho the Demonspawn Fighter began the quest for the
                  | Orb.
     0 | D:1      | Reached XP level 1. HP: 18/18 MP: 1/1
    77 | D:1      | Gained mutation: You are partially covered in iridescent
                  | scales. (AC +2) [demonic ancestry]
    77 | D:1      | Reached XP level 2. HP: 15/24 MP: 2/2
   263 | D:1      | Reached skill level 2 in Axes
   847 | D:2      | Gained mutation: When hurt, damage is shared between your
                  | health and your magic reserves. [demonic ancestry]
   847 | D:2      | Reached XP level 3. HP: 25/29 MP: 3/3
  1517 | D:3      | Noticed Ijyb
  1568 | D:3      | Killed Ijyb
  1568 | D:3      | Reached skill level 1 in Dodging
  1568 | D:3      | Reached XP level 4. HP: 35/35 MP: 4/4
  2195 | D:4      | Noticed an ogre
  2200 | D:4      | Killed an ogre
  2200 | D:4      | Reached skill level 3 in Axes
  2200 | D:4      | Reached XP level 5. HP: 39/41 MP: 3/5
  2404 | D:4      | Gained mutation: You have a pair of small antennae on your
                  | head. [demonic ancestry]
  2404 | D:4      | Reached XP level 6. HP: 32/47 MP: 3/6
  2558 | D:4      | Found Peexesa's Magic Scroll Boutique.
  2642 | D:4      | Bought a scroll of enchant armour for 75 gold pieces
  2642 | D:4      | Bought a scroll of identify for 20 gold pieces
  2642 | D:4      | Bought a scroll of identify for 20 gold pieces
  2642 | D:4      | Bought a scroll of identify for 20 gold pieces
  2642 | D:4      | Bought a scroll of identify for 20 gold pieces
  2847 | D:4      | Found a staircase to the Ecumenical Temple.
  2896 | D:4      | Reached skill level 4 in Axes
  2953 | Temple   | Entered the Ecumenical Temple
  3046 | Temple   | Became a worshipper of Warmaster Okawaru
  3209 | D:4      | Found a bloodstained altar of Trog.
  3284 | D:5      | Entered Level 5 of the Dungeon
  3481 | D:5      | Reached XP level 7. HP: 42/53 MP: 7/7
  3672 | D:5      | Reached * piety under Okawaru
  3672 | D:5      | Reached skill level 1 in Invocations
  3966 | D:5      | Reached skill level 5 in Axes
  4324 | D:5      | Reached ** piety under Okawaru
  4324 | D:5      | Gained mutation: You are mostly covered in iridescent
                  | scales. (AC +4) [demonic ancestry]
  4324 | D:5      | Reached XP level 8. HP: 60/60 MP: 9/9
  5131 | D:6      | Found an ancient bone altar of Kikubaaqudgha.
  5204 | D:6      | Reached skill level 6 in Axes
  5309 | D:6      | Killed from afar by an orc priest

Illustrated notes

Levels and vault maps discovered:
D:1:      eino_arrival_tree_alley, layout_basic, minmay_tree_intersection
D:2:      cheibrodos_old_hovel, layout_rooms
D:3:      layout_basic, kennysheep_another_room, lexackson_kobold_supper,
          uniq_ijyb
D:4:      layout_rooms, lemuel_doored_altar, minmay_temple_entry_glass,
          serial_shops, shop, first_ration
D:5:      layout_cave_pods, minmay_bent
D:6:      layout_loops_cross, minmay_overflow_temple_star_quad,
          kennysheep_little_box
Temple:   regret_index_temple_waves

Skill      XL: |  1  2  3  4  5  6  7  8 |
---------------+-------------------------+-----
Axes           | 2 3 4 5 6 |  6.0
Armour         | 3 4 |  4.7
Dodging        | 1 2 3 |  3.7
Shields        | 3 |  3.7
Invocations    | 2 |  2.8
Fighting       | 4 |  4.4

Action                   |  1- 3 |  4- 6 |  7- 9 || total
-------------------------+-------+-------+-------++-------
Melee: War axe           |   132 |   222 |   163 ||   517
       Spear             |       |    14 |       ||    14
Invok: Heroism           |       |       |     1 ||     1
  Use: Potion            |     2 |       |     3 ||     5
       Scroll            |       |    10 |     5 ||    15
  Eat: Chunk             |     2 |     7 |     5 ||    14
Armor: Scale mail        |    52 |       |       ||    52
       Chain mail        |    65 |   111 |    68 ||   244
       Plate armour      |       |       |     4 ||     4
Dodge: Dodged            |    51 |    62 |    53 ||   166
Block: Kite shield       |    73 |   103 |    84 ||   260

Table legend:
 A = Non-vault XP
 B = Vault XP
 C = Vault XP percentage of total XP
 D = Non-vault monster count
 E = Vault monster count
 F = Vault count percentage of total count
                 A         B        C        D         E       F
            +---------+---------+-------+---------+---------+-------
      Total |    1637 |     227 |  12.2 |     115 |      15 |  11.5
            +---------+---------+-------+---------+---------+-------
        D:1 |      40 |       0 |   0.0 |      22 |       0 |   0.0
        D:2 |      22 |      13 |  37.1 |      12 |       1 |   7.7
        D:3 |      18 |      53 |  74.6 |      11 |       9 |  45.0
        D:4 |     471 |       0 |   0.0 |      34 |       0 |   0.0
        D:5 |     699 |     161 |  18.7 |      22 |       5 |  18.5
        D:6 |     387 |       0 |   0.0 |      14 |       0 |   0.0
            +---------+---------+-------+---------+---------+-------
